 Dungeon Crawl Stone Soup version 0.27-a0-931-g5a74e75d8f (webtiles) character file.

Game seed: 9723830911200731164

37 Alarkh the Insei (level 3, -1/28 HPs)
             Began as a Demonspawn Gladiator on Apr 10, 2021.
             Slain by a goblin
             ... wielding a +0 club
             ... led by Robin
              (5 damage)
             ... on level 2 of the Dungeon.
             The game lasted 00:01:08 (1102 turns).

Alarkh the Insei (Demonspawn Gladiator)             Turns: 1102, Time: 00:01:09

Health: -1/28      AC:  4    Str: 14    XL:     3   Next: 21%
Magic:  3/3        EV: 12    Int: 10    God:
Gold:   27         SH:  0    Dex: 14    Spells: 2/2 levels left

rFire    . . .     SeeInvis .     - Unarmed
rCold    . . .     Faith    .   (no shield)
rNeg     . . .     Spirit   .   a - +0 leather armour
rPois    .         Reflect  .   b - +0 helmet
rElec    .         Harm     .   (no cloak)
rCorr    .         Rampage  .   (no gloves)
Will     .....                  (no boots)
Stlth    +.........             (no amulet)
HPRegen  0.09/turn              (no ring)
MPRegen  0.08/turn              (no ring)

@: flying
A: talons 1, powered by death 1
a: no special abilities


You were on level 2 of the Dungeon.
You visited 1 branch of the dungeon, and saw 2 of its levels.

You collected 27 gold pieces.

Inventory:

Missiles
 c - 3 throwing nets (quivered)
Armour
 a - a +0 leather armour (worn)
 b - a +0 helmet (worn)
Jewellery
 d - a ring of resist corrosion
Scrolls
 e - 2 scrolls of teleportation {unknown}
 f - a scroll of torment {unknown}
 g - a scroll of amnesia {unknown}
 i - a scroll of magic mapping {unknown}


   Skills:
 + Level 2.6 Fighting
 - Level 1.7 Throwing
 - Level 2.6 Dodging
 * Level 3.6 Unarmed Combat


You had 2 spell levels left.
You didn't know any spells.
Your spell library was empty.

Dungeon Overview and Level Annotations

Branches:
Dungeon (2/15)

Altars:

Shops:
D:1 :   D:2 :

Annotations:
D:2 Robin


Innate Abilities, Weirdness & Mutations

You have sharp toenails.
You regenerate a little health from kills.


Message History

The worm is moderately wounded.
You hit the worm. You claw the worm.
The worm is severely wounded.
The worm barely misses you.
Robin roars a battlecry!
You hear a shout!
You hit the worm.
The worm is almost dead.
The worm closely misses you.
You hit the worm but do no damage. You claw the worm.
You kill the worm!
The hobgoblin shouts!
You see here a worm corpse.
Robin misses you. Robin hits you with a +1 vorpal spear.
The goblin shouts!
You hit Robin but do no damage. Your kick misses Robin. You punch Robin.
Robin is moderately wounded.
Robin hits you with a +1 vorpal spear.
You are too injured to fight recklessly!
There are monsters nearby!
Robin roars a battlecry!
The hobgoblin goes into a battle-frenzy!
You hear a shout!
You barely miss the hobgoblin. The hobgoblin barely misses you.
Robin closely misses you.
You closely miss the hobgoblin. The goblin hits you with a +0 club.
The hobgoblin hits you.
* * * LOW HITPOINT WARNING * * *
Robin misses you.
It was a potion of curing.
You feel better. The goblin hits you with a +0 club.
The hobgoblin completely misses you. Robin barely misses you.
It was a potion of flight.
You feel very buoyant.
You fly up into the air.
The goblin hits you but does no damage. The hobgoblin misses you.
Robin hits you from afar with a +1 vorpal spear.
* * * LOW HITPOINT WARNING * * *
x2 You hit the hobgoblin but do no damage.
The goblin hits you with a +0 club.
You die...

#.# #.. #.# ##.#### #.#
.....# #.# #)##.#
##.##########.##.#####.#
#..........(............
#..#######........[.g...
#..#######.##.##g#####.
...........##.##@#
#..######..##.##g# #..##
#..##..ggg.....# #.∩.#
#..#####gg###### #.#.#
#..# ...# #.#.# #..#
##.# #.#.# #..# .#
#.#.## #..# .#
#....####..###.# .#


You could see Robin, 2 hobgoblins and 4 goblins.

Vanquished Creatures
  A worm (D:2)
  3 dart slugs
  3 endoplasms
  4 giant cockroaches (D:1)
  3 goblins
  3 hobgoblins (D:1)
  A quokka (D:1)
  A ball python (D:1)
  A bat (D:2)
  A frilled lizard (D:1)
  2 kobolds
  3 rats
26 creatures vanquished.

Notes
Turn   | Place    | Note
-------+----------+-------------------------------------------
     0 | D:1      | Alarkh the Demonspawn Gladiator began the quest for the
                  | Orb.
     0 | D:1      | Reached XP level 1. HP: 16/16 MP: 1/1
    89 | D:1      | Found Veujav's Book Emporium.
   277 | D:1      | Reached skill level 3 in Unarmed Combat
   350 | D:1      | Gained mutation: You regenerate a little health from kills.
                  | [demonic ancestry]
   350 | D:1      | Reached XP level 2. HP: 17/22 MP: 2/2
   611 | D:1      | Found a faded altar of an unknown god.
   929 | D:2      | Noticed Robin
  1033 | D:2      | Found Kugoin's Book Shoppe.
  1040 | D:2      | Gained mutation: You have sharp toenails. [demonic
                  | ancestry]
  1040 | D:2      | Reached XP level 3. HP: 28/28 MP: 3/3
  1102 | D:2      | Slain by a goblin

Illustrated notes

Levels and vault maps discovered:
D:1:      evilmike_arrival_plus, layout_loops_corners,
          hellmonk_ecumenical_altar_pennies_from_heaven, serial_shops,
          nicolae_shop_waterfront, grunt_decor_mini_mirrors,
          minmay_misc_feat_tiny, nrook_uturn, minmay_worlds_worst_comb
D:2:      layout_loops_ring, serial_shops, shop, uniq_robin

Skill      XL: |  1 |
---------------+----+-----
Unarmed Combat | 3 |  3.6
Fighting       | |  2.6
Throwing       | |  1.7
Dodging        | |  2.6

Action                   || total
-------------------------++-------
Melee: Unarmed           ||    99
       Punch             ||     3
       Kick              ||     6
  Use: Potion            ||     2
 Stab: Sleeping          ||     2
Armor: Leather armour    ||    19
Dodge: Dodged            ||    59

Table legend: (Time is in decaauts)
 A = Elapsed time spent in this place.
 B = Non-inter-level travel time spent in this place.
 C = Inter-level travel time spent in this place.
 D = Time resting spent in this place.
 E = Time spent auto-exploring this place.
 F = Levels seen in this place.
 G = Mean time per level.
                   A        B        C        D        E       F      G
               +--------+--------+--------+--------+--------+-----+--------+
         Total |   1098 |   1023 |     75 |      0 |    837 |   2 |  549.0 |
       Dungeon |   1098 |   1023 |     75 |      0 |    837 |   2 |  549.0 |
               +--------+--------+--------+--------+--------+-----+--------+

Top non-repeatable levels by time:
     D:1: 975 daAuts
     D:2: 122 daAuts
